 Dungeon Crawl Stone Soup version 0.25-a0-294-gea9b1ad378 (webtiles) character file.

Game seed: 7259812442932365739, levelgen mode: classic

131 Borgoz the Twirler (level 5, -3/32 HPs)
             Began as a Gargoyle Gladiator on Dec 16, 2019.
             Killed from afar by an orc wizard (13 damage)
             ... with a puff of flame
             ... on level 3 of the Dungeon.
             The game lasted 00:03:18 (2039 turns).

Borgoz the Twirler (Gargoyle Gladiator)             Turns: 2039, Time: 00:03:19

Health: -3/32      AC: 10    Str: 18    XL:     5   Next: 14%
Magic:  5/5        EV: 12    Int:  8    God:
Gold:   86         SH:  0    Dex: 12    Spells: 4/4 levels left

rFire    . . .     SeeInvis .   a - +0 quarterstaff
rCold    . . .     Gourm    .   (shield currently unavailable)
rNeg     + . .     Faith    .   h - +0 ring mail
rPois    ∞         Spirit   .   c - +0 helmet
rElec    +         Reflect  .   (no cloak)
rCorr    .         Harm     .   (no gloves)
MR       .....                  (no boots)
Stlth    +.........             (no amulet)
HPRegen  0.10/turn              (no ring)
MPRegen  0.09/turn              (no ring)

@: no status effects
A: negative energy resistance 1, electricity resistance, unbreathing,
petrification resistance, rot immunity, AC +4
a: no special abilities


You were on level 3 of the Dungeon.
You were not hungry.

You visited 1 branch of the dungeon, and saw 3 of its levels.

You collected 86 gold pieces.

Inventory:

Hand Weapons
 a - a +0 quarterstaff (weapon)
Missiles
 d - 3 throwing nets (quivered)
Armour
 c - a +0 helmet (worn)
 h - a +0 ring mail (worn)
Jewellery
 b - an uncursed ring of ice
Scrolls
 i - a scroll of random uselessness {unknown}
 p - a scroll of identify {unknown}
Potions
 e - a potion of haste
 g - a potion of curing {unknown}
 j - a potion of heal wounds {unknown}
 k - a potion of flight {unknown}
 m - a potion of cancellation {unknown}
 n - a potion of degeneration {unknown}
 o - a potion of invisibility {unknown}
Comestibles
 f - 5 rations
 l - 6 chunks of flesh


   Skills:
 * Level 3.4 Fighting
 * Level 3.9 Staves
 - Level 1.8 Throwing
 * Level 2.3 Armour
 + Level 2.9 Dodging


You had 4 spell levels left.
You didn't know any spells.
Your spell library was empty.

Dungeon Overview and Level Annotations

Branches:
Dungeon (3/15)

Altars:


Innate Abilities, Weirdness & Mutations

You are resistant to torment.
Your stone body is resilient. (AC +4)
You are immune to poison.
You resist negative energy. (rN+)
You are resistant to electric shocks. (rElec)
You can survive without breathing.
You are immune to petrification.
You are immune to rotting.


Message History

You miss something. Something hits you.
You bump into the rock wall.
You feel less confused.
You hear some strange, mumbled words.
A magic dart appears from out of thin air!
The magic dart hits you.
You barely miss something.
Something hits you but does no damage. x2
You hit something. Something hits you but does no damage.
You closely miss something.
You hear some strange, mumbled words.
A magic dart appears from out of thin air!
The magic dart hits you!
* * * LOW HITPOINT WARNING * * *
You closely miss something. Something hits you but does no damage.
An orc comes into view. It is wielding a +0 whip.
You closely miss something.
You hear some strange, mumbled words.
A puff of flame appears from out of thin air!
The puff of flame hits you!
You die...

..# #.# #. ... .. ..#
.# ##.# ..
.o########## # #.
#{##......?#
##.#.##@##....|..#
##..o.)..##.......###
#........##...)......
#..##.#%.##.......# #
#..#..##.......#
#.##..##.......#
.#.......##.##.#
.###...###.#... .. .#
##..# ...... .#


You could see 2 orcs.

Vanquished Creatures
  Jessica (D:2)
  3 adders (D:2)
  3 worms
  2 dart slugs
  3 leopard geckos
  An orc (D:3)
  7 bats
  3 giant cockroaches
  12 goblins
  7 hobgoblins
  2 jackals (D:2)
  6 kobolds
  A frilled lizard (D:2)
  7 rats
58 creatures vanquished.

Notes
Turn   | Place    | Note
-------+----------+-------------------------------------------
     0 | D:1      | Borgoz the Gargoyle Gladiator began the quest for the Orb.
     0 | D:1      | Reached XP level 1. HP: 12/12 MP: 1/1
   304 | D:1      | Reached XP level 2. HP: 14/18 MP: 2/2
   550 | D:1      | Reached skill level 1 in Armour
   583 | D:1      | Reached XP level 3. HP: 19/22 MP: 3/3
  1321 | D:2      | Noticed Jessica
  1339 | D:2      | Killed Jessica
  1339 | D:2      | Reached XP level 4. HP: 7/28 MP: 4/4
  1607 | D:2      | Found a faded altar of an unknown god.
  1793 | D:2      | Reached XP level 5. HP: 32/32 MP: 5/5
  2039 | D:3      | Killed from afar by an orc wizard

Levels and vault maps discovered:
D:1:      kennysheep_arrival_seaside, layout_basic
D:2:      layout_rooms, chequers_ecumenical_altar_island, serial_bayou_pond_a,
          uniq_jessica
D:3:      layout_loops_cross, grunt_temple_overflow_open, first_ration,
          uniq_crazy_yiuf_cottage

Skill      XL: |  1  2  3  4 |
---------------+-------------+-----
Armour         | 1 2 |  2.3
Fighting       | 3 |  3.4
Staves         | |  3.9
Throwing       | |  1.8
Dodging        | |  2.9

Action                   |  1- 3 |  4- 6 || total
-------------------------+-------+-------++-------
Melee: Quarterstaff      |   102 |    93 ||   195
  Use: Potion            |     1 |       ||     1
  Eat: Chunk             |     1 |     3 ||     4
Armor: Leather armour    |    30 |     7 ||    37
       Ring mail         |       |    47 ||    47
Dodge: Dodged            |    63 |    54 ||   117

Table legend:
 A = Non-vault XP
 B = Vault XP
 C = Vault XP percentage of total XP
 D = Non-vault monster count
 E = Vault monster count
 F = Vault count percentage of total count
                 A         B        C        D         E       F
            +---------+---------+-------+---------+---------+-------
      Total |     151 |      37 |  19.7 |      57 |       1 |   1.7
            +---------+---------+-------+---------+---------+-------
        D:1 |      39 |       0 |   0.0 |      19 |       0 |   0.0
        D:2 |      99 |      37 |  27.2 |      33 |       1 |   2.9
        D:3 |      13 |       0 |   0.0 |       5 |       0 |   0.0
            +---------+---------+-------+---------+---------+-------
